AoeStats
← Barnico

Arabia

505464741Analyzed
2v2 RM · 21d ago on Sep 9, 2026· 30m 7s· 4 players
Game mode
Random Map
Map size
Medium (4 player)
Population
200
Speed
Normal
Resources
Standard
Victory
Conquest
Starting age
Dark Age
Ending age
Imperial Age
RankedLock teamsTeams togetherTeam positionsShared explorationLock speedFull tech treeHidden civsTurbo modeCheats
Victory
Defeat
🇦🇷 Persians · Argentina
1005
+15
🇨🇦 Ethiopians · Canada
1004
+15
🇹🇷 Maya · Türkiye
988
-15
🇩🇪 Poles · Germany
979
-15
OregonGruss7584
9:09 Loom
11:36 Feudal Age
12:06 Double-Bit Axe
24:01 Castle Age
23:26 Forging
23:21 Gold Mining
23:15 Horse Collar
24:11 Scale Mail Armor
24:06 Pikeman
25:33 Bow Saw
26:17 Iron Casting
27:17 Chain Mail Armor
28:58 Fletching
Iman Power
7:51 Loom
9:48 Feudal Age
16:49 Fletching
18:45 Padded Archer Armor
19:53 Horse Collar
20:00 Double-Bit Axe
24:52 Castle Age
23:18 Gold Mining
25:20 Forging
25:12 Scale Mail Armor
24:56 Eagle Warrior
Barnico
4:53 Loom
10:24 Feudal Age
11:43 Double-Bit Axe
19:58 Castle Age
19:36 Stone Mining
26:19 Gold Mining
27:35 Forging
27:26 Scale Mail Armor
CapitanMOTA
9:59 Feudal Age
14:41 Double-Bit Axe
15:43 Scale Barding Armor
17:48 Bloodlines
20:26 Wheelbarrow
21:05 Forging
24:14 Castle Age
22:42 Loom
22:49 Gold Mining
24:43 Fletching
25:58 Gold Shaft Mining
27:11 Bodkin Arrow
27:29 Bow Saw
29:56 Parthian Tactics
30:54 Ballistics
30:54 Hand Cart
30:30 Town Watch
Connection lost

Rejoining the realm…

Still unreachable

The connection could not be restored.

Session expired

The server has moved on; the page needs a fresh start.